 Dungeon Crawl Stone Soup version 0.21-a0-213-gae198ad (webtiles) character file.

9261 Lavandula the Frost Mage (level 11, -5/92 HPs)
             Began as a Ghoul Ice Elementalist on Aug 22, 2017.
             Was a Believer of Ashenzari.
             Slain by an orc warlord
             ... wielding a +0 battleaxe
              (33 damage)
             ... while paralysed by an orc sorcerer
             ... on level 1 of the Orcish Mines.
             The game lasted 01:04:04 (7361 turns).

Lavandula the Frost Mage (Ghoul Ice Elementalist)   Turns: 7361, Time: 01:04:04

Health: -5/92      AC: 10    Str: 13    XL:     11   Next: 43%
Magic:  7/16       EV:  2    Int: 12    God:    Ashenzari [**....]
Gold:   467        SH:  0    Dex: 10    Spells: 4/18 levels left

rFire    + . .     SeeInvis .   m - +1 spear (venom) (curse)
rCold    + + +     Gourm    .   k - +2 buckler {rC+} (curse)
rNeg     + + +     Faith    +   N - +2 troll leather armour {Snorg}
rPois    ∞         Spirit   .   g - +1 helmet of the Blessed Realm {*Drain rF+ Slay+2}
rElec    .         Reflect  .   P - +1 cloak
rCorr    .         Harm     .   (no gloves)
MR       .....                  (no boots)
Stlth    ++........             t - amulet of faith
HPRegen  0.00/turn              o - ring of protection from fire
MPRegen  0.15/turn              C - ring of ice

@: paralysed, rotting
A: rotting body, claws 1, carnivore 3, cold resistance 1, negative energy
resistance 3, inhibited regeneration, torment resistance, unbreathing
a: Curse Item, Scrying, Renounce Religion


You were on level 1 of the Orcish Mines.
You worshipped Ashenzari.
Ashenzari was pleased with you.
You were not hungry.

You visited 2 branches of the dungeon, and saw 12 of its levels.

You collected 1126 gold pieces.
You spent 659 gold pieces at shops.

Inventory:

Hand Weapons
 m - a cursed +1 spear of venom (weapon)
 r - the +1 falchion of Infection {slice, rElec rF+}
   (You found it on level 5 of the Dungeon)

   It inflicts extra damage upon your enemies.
   It protects you from fire.
   It insulates you from electricity.
 B - a +3 spear
 L - a cursed +4 battleaxe
Armour
 g - the +1 helmet of the Blessed Realm (worn) {*Drain rF+ Slay+2}
   (You bought it in a shop on level 5 of the Dungeon)

   It affects your accuracy and damage with ranged weapons and melee attacks
   (+2).
   It protects you from fire.
   It causes draining when unequipped.
 k - a cursed +2 buckler of cold resistance (worn)
 q - a +0 leather armour
 s - a +0 robe of the Archmagi
 H - a +2 robe of cold resistance
 N - a +2 troll leather armour (worn) {Snorg}
 P - a +1 cloak (worn)
Magical Staves
 p - an uncursed staff of energy
Jewellery
 o - a ring of protection from fire (left claw)
 t - an amulet of faith (around neck)
 C - a ring of ice (right claw)
 E - an uncursed ring of see invisible
Wands
 a - a wand of flame (3/48)
 z - a wand of digging (14/24)
 O - a wand of polymorph (9/24)
Scrolls
 c - 2 scrolls of blinking {unknown}
 f - a scroll of noise {unknown}
 h - a scroll of immolation
 j - a scroll of magic mapping {unknown}
 n - a scroll of enchant weapon {unknown}
 u - 3 scrolls of enchant armour {unknown}
 y - 2 scrolls of fog {unknown}
 A - a scroll of teleportation
 D - a scroll of amnesia {unknown}
Potions
 e - 2 potions of mutation {unknown}
 i - 2 potions of resistance
 l - 2 potions of might
 v - a potion of degeneration {unknown}
 x - a potion of magic {unknown}
 G - 2 potions of agility {unknown}
 I - 5 potions of haste {unknown}
 J - 2 potions of lignification {unknown}
 M - a potion of brilliance {unknown}
Books
 b - a book of Frost

   Spells                             Type                      Level
   a - Freeze                         Ice                          1
   b - Throw Frost                    Conjuration/Ice              2
   c - Ozocubu's Armour               Charms/Ice                   3
   d - Throw Icicle                   Conjuration/Ice              4
   e - Summon Ice Beast               Ice/Summoning                4
 F - a book of Changes

   Spells                             Type                      Level
   a - Beastly Appendage              Transmutation                1
   b - Sticks to Snakes               Transmutation                2
   c - Spider Form                    Transmutation/Poison         3
   d - Ice Form                       Ice/Transmutation            4
   e - Blade Hands                    Transmutation                5
Comestibles
 d - 5 meat rations
 w - 12 chunks of flesh
 K - a royal jelly


   Skills:
 + Level 7.5 Fighting
 - Level 9.0(11.2) Polearms
 - Level 5.0 Dodging
 - Level 2.1 Stealth
 - Level 4.5(6.0) Shields
 - Level 4.0 Spellcasting
 - Level 0.7 Conjurations
 - Level 1.0 Charms
 - Level 4.9 Summonings
 - Level 9.1 Ice Magic


You had 4 spell levels left.
You knew the following spells:

 Your Spells              Type           Power        Failure   Level  Hunger
a - Freeze                Ice            ####         1%          1    #......
b - Ozocubu's Armour      Chrm/Ice       ###.....     11%         3    ###....
c - Summon Ice Beast      Ice/Summ       ####....     16%         4    #####..
d - Throw Icicle          Conj/Ice       ###.....     36%         4    #####..
e - Throw Frost           Conj/Ice       ###...       5%          2    ##.....


Dungeon Overview and Level Annotations

Branches:
Dungeon (10/15)            Temple (0/1) D:7            Lair (0/6) D:8
    Orc (2/2) D:9             Elf (0/3) Orc:2

Altars:
Ashenzari
Ru
Uskayaw
Xom
The Shining One
Beogh

Shops:
D:5 [%[*:

Annotations:
D:8 Grum


Innate Abilities, Weirdness & Mutations

Your body is rotting away.
You thrive on raw meat.
You are immune to poison.
You have sharp fingernails.
You are carnivorous and can eat meat at any time.
Your flesh is cold resistant. (rC+)
You are immune to negative energy. (rN+++)
You do not regenerate when monsters are visible.
You are immune to unholy pain and torment.
You can survive without breathing.


Message History

You suddenly lose the ability to move!
The orc warrior shouts!
The orc warrior shouts!
The warg howls!
You hear a shout! x3
The orc hits you but does no damage.
The orc wizard casts a spell.
The orc wizard blinks!
The orc sorcerer hits you but does no damage.
The orc hits you.
The orc warrior hits you from afar with a glaive!
The orc sorcerer hits you but does no damage.
The orc warrior hits you with a short sword of venom!
The orc wizard hits you but does no damage.
The orc hits you.
The orc warlord roars a battlecry!
The orcs go into a battle-frenzy!
The orc sorcerer mumbles some strange words.
The orc warrior hits you from afar with a glaive!!
The orc warrior hits you with a short sword of venom!
The orc warlord hits you with a battleaxe!!
You die...

* ......# ..
, ...
...#..* ,
oo......## ,
*#.......##
,
#...#.....#
* #.#.T....#
, ,
,##.oooo...#
, #..hoo@o.#
.....ooo...#
,
..........##
, ,
.......3...#
,
...#..$....#
.. .......##
* .
.........
...#.....##
* *, ,


You could see an orc warlord, a troll, a ynoxinul, a warg, an orc sorcerer, 7
orc warriors, an orc priest, an orc wizard and an orc.

Vanquished Creatures
  Fannar (Orc:1)
  A two-headed ogre (Orc:2)
  Erica (Orc:1)
  An orc sorcerer (Orc:1)
  Maurice (D:8)
  A troll (Orc:2)
  A warg (Orc:2)
  A water moccasin (D:6)
  5 orc warriors
  An ice beast (D:5)
  3 sky beasts
  A phantom (D:4)
  11 ogres
  A necrophage (D:8)
  4 centaurs
  3 wolves (D:8)
  A big kobold (D:7)
  A bullfrog (D:7)
  2 scorpions (D:8)
  5 killer bees (D:7)
  6 wights
  A howler monkey (D:5)
  2 crimson imps
  A centaur zombie (D:6)
  A bullfrog zombie (D:9)
  A quasit (D:7)
  3 hounds (D:5)
  10 orc priests
  A gnoll shaman (Orc:2)
  A jelly (D:5)
  9 orc wizards
  A bullfrog skeleton (D:7)
  4 centaur skeletons
  3 iguanas
  4 worker ants
  2 hound skeletons
  A worker ant zombie (D:5)
  3 gnolls
  7 adders
  A shadow imp (D:6)
  An ooze (D:6)
  An adder zombie (D:8)
  5 adder skeletons
  A worm (D:2)
  A dart slug (D:2)
  4 leopard geckos
  31 orcs
  3 bats
  6 giant cockroaches
  6 goblins
  5 hobgoblins
  12 jackals
  6 kobolds
  3 quokkas
  2 ball pythons
  3 frilled lizards
  A jackal zombie (D:7)
  A leopard gecko skeleton (D:5)
  5 rats
205 creatures vanquished.

Vanquished Creatures (collateral kills)
  Snorg (Orc:1)
  2 two-headed ogres (Orc:2)
  2 trolls
  A hippogriff (D:9)
  2 orc warriors
  2 ogres (Orc:2)
  2 wights (D:7)
  2 orc priests
  2 gnolls (Orc:2)
  6 orcs
  2 jackals (D:7)
24 creatures vanquished.

Grand Total: 229 creatures vanquished

Notes
Turn   | Place    | Note
-------+----------+-------------------------------------------
     0 | D:1      | Lavandula the Ghoul Ice Elementalist began the quest for the Orb.
     0 | D:1      | Reached XP level 1. HP: 14/14 MP: 2/2
    96 | D:1      | Reached XP level 2. HP: 9/20 MP: 0/4
   174 | D:2      | Found a shimmering altar of Xom.
   277 | D:2      | Reached XP level 3. HP: 12/24 MP: 2/5
   428 | D:2      | Learned a level 3 spell: Ozocubu's Armour
   487 | D:2      | Reached XP level 4. HP: 15/33 MP: 0/6
   911 | D:5      | Entered Level 5 of the Dungeon
   917 | D:5      | Noticed an ogre
   959 | D:4      | Noticed a phantom
  1018 | D:3      | Reached skill level 1 in Polearms
  1242 | D:5      | Got a translucent falchion
  1244 | D:5      | Identified the cursed +1 falchion of Infection {slice, rElec rF+} (You found it on level 5 of the Dungeon)
  1255 | D:5      | Found Nusoham's Antique Armour Shoppe.
  1278 | D:5      | Reached skill level 1 in Charms
  1278 | D:5      | Reached XP level 5. HP: 30/37 MP: 4/7
  1295 | D:5      | Found Limnyar's Food Boutique.
  1315 | D:5      | Found a glowing golden altar of the Shining One.
  1326 | D:5      | Reached skill level 1 in Fighting
  1369 | D:5      | Reached XP level 6. HP: 26/51 MP: 3/8
  1422 | D:5      | Found Maliakhle's Assorted Antiques.
  1437 | D:5      | Bought a pink potion for 15 gold pieces
  1437 | D:5      | Bought a black potion for 15 gold pieces
  1575 | D:5      | Found Musyllo's Book Shop.
  1643 | D:5      | Reached skill level 5 in Fighting
  1655 | D:5      | Reached XP level 7. HP: 24/62 MP: 1/9
  1665 | D:5      | Learned a level 4 spell: Summon Ice Beast
  1738 | D:5      | Found Valu's Antique Armour Emporium.
  1817 | D:4      | Reached skill level 1 in Summonings
  2172 | D:4      | Reached XP level 8. HP: 30/70 MP: 3/10
  2338 | D:3      | Found a shattered altar of Ashenzari.
  2359 | D:3      | Became a worshipper of Ashenzari the Shackled
  2380 | D:3      | Found a sacrificial altar of Ru.
  2672 | D:6      | Reached skill level 5 in Polearms
  2697 | D:6      | Reached skill level 5 in Ice Magic
  2922 | D:7      | Found a staircase to the Ecumenical Temple.
  3368 | D:7      | Reached XP level 9. HP: 30/75 MP: 14/14
  3737 | D:5      | Bought a runed buckler for 172 gold pieces
  3892 | D:6      | Reached skill level 1 in Shields
  3960 | D:6      | Reached * piety under Ashenzari
  4157 | D:6      | Learned a level 4 spell: Throw Icicle
  4160 | D:6      | Learned a level 2 spell: Throw Frost
  4522 | D:8      | Noticed Maurice
  4874 | D:8      | Noticed Grum
  4878 | D:8      | Reached skill level 5 in Dodging
  4921 | D:8      | Reached XP level 10. HP: 10/83 MP: 10/15
  4957 | D:8      | Found a staircase to the Lair.
  4957 | D:8      | Noticed an elephant
  5086 | D:5      | Bought a glowing cloak for 172 gold pieces
  5284 | D:9      | Found a staircase to the Orcish Mines.
  5313 | Orc:1    | Entered Level 1 of the Orcish Mines
  5460 | D:9      | Reached ** piety under Ashenzari
  5466 | D:10     | Entered Level 10 of the Dungeon
  5770 | D:9      | Found a hide-covered altar of Uskayaw.
  5859 | Orc:1    | Noticed Snorg
  5883 | Orc:1    | Killed Snorg
  5946 | Orc:1    | Noticed Fannar
  6089 | D:8      | Killed Maurice
  6237 | Orc:1    | Killed Fannar
  6330 | Orc:1    | Noticed an orc sorcerer
  6334 | Orc:1    | Noticed Erica
  6345 | Orc:1    | Paralysed by an orc sorcerer for 6 turns
  6571 | D:5      | Bought a brightly glowing helmet for 285 gold pieces
  6581 | D:5      | Identified the +1 helmet of the Blessed Realm {*Drain rF+ Slay+2} (You bought it in a shop on level 5 of the Dungeon)
  6728 | Orc:1    | Paralysed by an orc sorcerer for 7 turns
  6730 | Orc:1    | Killed an orc sorcerer
  6738 | Orc:1    | Killed Erica
  6738 | Orc:1    | Reached XP level 11. HP: 89/89 MP: 5/16
  6901 | Orc:2    | Entered Level 2 of the Orcish Mines
  6924 | Orc:2    | Found a roughly hewn altar of Beogh.
  7143 | Orc:2    | Found a staircase to the Elven Halls.
  7220 | Orc:2    | Noticed a two-headed ogre
  7227 | Orc:2    | Noticed a two-headed ogre
  7229 | Orc:2    | Noticed a two-headed ogre
  7244 | Orc:2    | Noticed a two-headed ogre
  7302 | Orc:2    | Killed a two-headed ogre
  7309 | Orc:2    | Killed a two-headed ogre
  7327 | Orc:2    | Killed a two-headed ogre
  7356 | Orc:1    | Noticed an orc warlord
  7356 | Orc:1    | Noticed an orc sorcerer
  7357 | Orc:1    | Paralysed by an orc sorcerer for 6 turns
  7361 | Orc:1    | Slain by an orc warlord

Vault maps used:
D:1:      dpeg_arrival_rooms_with_view, minmay_bisected
D:2:      lemuel_round_altar
D:3:      nicolae_ru_great_annihilating_truth, evilmike_ruin_ashenzari
D:4:      first_bread
D:5:      lemuel_round_altar, tso_oasis_becter, serial_shops, shop,
          nicolae_shop_crystal, nicolae_shop_overgrown_old_shop, shop, shop
D:7:      temple_statues
D:8:      david_lair_generic, uniq_maurice, uniq_grum
D:9:      lemuel_doored_altar, orc_0_dummy
Orc:1:    uniq_fannar, uniq_erica, uniq_snorg
Orc:2:    st_orc_open, basic_altar

Skill      XL: |  1  2  3  4  5  6  7  8  9 10 11 |
---------------+----------------------------------+-----
Spellcasting   | 2 4 |  4.0
Ice Magic      | 4 6 7 8 9 |  9.1
Polearms       | 1 4 5 8 9 |  9.0
Charms         | 1 |  1.0
Fighting       | 3 5 7 |  7.5
Summonings     | 1 2 3 4 |  4.9
Shields        | 4 |  4.5
Dodging        | 5 |  5.0
Stealth        | |  2.1
Conjurations   | |  0.7

Action                   |  1- 3 |  4- 6 |  7- 9 | 10-12 || total
-------------------------+-------+-------+-------+-------++-------
Melee: Unarmed           |    33 |       |       |       ||    33
       Spear             |       |   109 |   481 |   309 ||   899
 Cast: Freeze            |    33 |    30 |    89 |    14 ||   166
       Ozocubu's Armour  |       |     5 |    13 |     5 ||    23
       Summon Ice Beast  |       |       |     8 |    38 ||    46
       Throw Frost       |       |       |       |     2 ||     2
Invok: Curse Item        |       |       |     2 |       ||     2
Evoke: Wand              |       |       |       |     5 ||     5
  Use: Scroll            |       |     8 |     4 |     2 ||    14
       Potion            |       |       |     6 |       ||     6
 Stab: Sleeping          |     2 |     1 |     5 |     3 ||    11
       Paralysed         |       |       |     1 |       ||     1
       Distracted        |       |       |     1 |     2 ||     3
  Eat: Chunk             |    15 |    24 |    67 |    46 ||   152
Armor: Robe              |    12 |     1 |    23 |    35 ||    71
       Leather armour    |       |    35 |    73 |       ||   108
       Troll leather arm |       |       |       |     9 ||     9
Dodge: Dodged            |    40 |    67 |   253 |   101 ||   461
Block: Buckler           |       |       |    53 |    73 ||   126

Table legend:
 A = Spawn XP
 B = Non-spawn XP
 C = Spawn XP percentage of total XP
 D = Spawn monster count
 E = Non-spawn monster count
 F = Spawn count percentage of total count
 G = Total turns spent on level
                    A         B        C        D         E        F      G
               +---------+---------+-------+---------+---------+-------+---------
         Total |    1721 |   11509 |  13.0 |      28 |     201 |  12.2 |  7361
               +---------+---------+-------+---------+---------+-------+---------
           D:1 |       0 |      44 |   0.0 |       0 |      11 |   0.0 |   262
           D:2 |       0 |      50 |   0.0 |       0 |      11 |   0.0 |   332
           D:3 |       0 |      94 |   0.0 |       0 |      21 |   0.0 |   632
           D:4 |       0 |     578 |   0.0 |       0 |      23 |   0.0 |   609
           D:5 |     179 |     649 |  21.6 |       5 |      18 |  21.7 |   903
           D:6 |     102 |     516 |  16.5 |       3 |      15 |  16.7 |   746
           D:7 |     209 |    1269 |  14.1 |      10 |      23 |  30.3 |  1258
           D:8 |      83 |    1347 |   5.8 |       2 |      22 |   8.3 |   783
           D:9 |     177 |     526 |  25.2 |       1 |      15 |   6.2 |   439
          D:10 |       0 |     496 |   0.0 |       0 |       8 |   0.0 |   299
         Orc:1 |     838 |    2652 |  24.0 |       6 |      13 |  31.6 |   679
         Orc:2 |     133 |    3288 |   3.9 |       1 |      21 |   4.5 |   419
               +---------+---------+-------+---------+---------+-------+---------
